 Dungeon Crawl Stone Soup version 0.29.1-2-gbd0b4ee654 (webtiles) character file.

Game seed: 12035066350861460311

26 safid the Shooter (level 2, -2/26 HPs)
             Began as a Minotaur Hunter on Nov 9, 2022.
             Succumbed to Terence's poison
             ... on level 2 of the Dungeon.
             The game lasted 00:00:58 (439 turns).

safid the Shooter (Minotaur Hunter)                  Turns: 439, Time: 00:00:59

Health: -2/26      AC:  6    Str: 15    XL:     2   Next: 89%
Magic:  1/1        EV:  9    Int:  6    God:
Gold:   65         SH:  0    Dex: 13    Spells: 1/1 levels left

rFire   . . .      SeeInvis .   a - +0 shortbow
rCold   . . .      Faith    .   (shield currently unavailable)
rNeg    . . .      Spirit   .   m - +0 scale mail
rPois   .          Reflect  .   (helmet restricted)
rElec   .          Harm     .   (no cloak)
rCorr   .          Rampage  .   (no gloves)
Will    .....                   (no boots)
Stlth   ..........              (no amulet)
HPRegen 0.08/turn               (no ring)
MPRegen 0.07/turn               (no ring)

@: lethally poisoned (-2 -> -28)
A: horns 2, retaliatory headbutt
a: no special abilities


You were on level 2 of the Dungeon.
You visited 1 branch of the dungeon, and saw 2 of its levels.

You collected 65 gold pieces.

Inventory:

Hand Weapons
 a - a +0 shortbow (weapon)
Armour
 m - a +0 scale mail (worn)
Scrolls
 f - a scroll of teleportation {unknown}
 g - a scroll of torment {unknown}
 h - 2 scrolls of vulnerability {unknown}
 i - 2 scrolls of identify {unknown}
 j - a scroll of blinking {unknown}
 k - a scroll of poison {unknown}
Potions
 b - a potion of lignification {unknown}
 d - 2 potions of haste {unknown}
 e - a potion of brilliance {unknown}
 l - a potion of berserk rage {unknown}


   Skills:
 + Level 3.4 Fighting
 + Level 4.9 Ranged Weapons
 - Level 2.1 Dodging
 - Level 0.7 Stealth


You had one spell level left.
You didn't know any spells.
Your spell library contained the following spells:

 Spells                   Type           Power      Damage    Failure   Level
 Frozen Ramparts          Ice            0%         1d1       99%         3
 Ice Form                 Ice/Tmut       0%         N/A       100%        4
 Summon Ice Beast         Ice/Summ       0%         N/A       100%        4


Dungeon Overview and Level Annotations

Branches:
Dungeon (1/15)

Altars:
The Shining One

Annotations:
D:2 Terence


Innate Abilities, Weirdness & Mutations

You have a pair of horns on your head.
You reflexively headbutt those who attack you in melee.


Message History

You kill the ball python!
You shoot an arrow. The arrow hits Terence.
Terence is severely wounded.
Terence hits you with a +1 short sword of venom.
You are poisoned.
Terence hits you with a +1 short sword of venom.
You are lethally poisoned!
You shoot an arrow. The arrow barely misses Terence.
You feel extremely sick.
A quokka comes into view.
Terence closely misses you.
You are too injured to fight recklessly!
You are too injured to fight recklessly!
You are too injured to fight recklessly!
You are too injured to fight recklessly!
You are too injured to fight recklessly!
Unknown command.
Fire: a) +0 shortbow
Press: ? - help, Q - select action Shift-Dir - straight line, f/p - Terence
Aim: Terence, wielding a +1 short sword of venom and wearing a +0 scale mail (severely wounded, 64% to hit)
You shoot an arrow. The arrow completely misses Terence.
You feel very sick. Terence barely misses you.
Fire: a) +0 shortbow
Press: ? - help, Q - select action Shift-Dir - straight line, f/p - Terence
Aim: Terence, wielding a +1 short sword of venom and wearing a +0 scale mail (severely wounded, 64% to hit)
You shoot an arrow. The arrow barely misses Terence.
* * * LOW HITPOINT WARNING * * *
You feel very sick. Terence hits you but does no damage.
You are more poisoned.
Terence hits you but does no damage.
You are more poisoned.
Fire: a) +0 shortbow
Press: ? - help, Q - select action Shift-Dir - straight line, f/p - Terence
Aim: Terence, wielding a +1 short sword of venom and wearing a +0 scale mail (severely wounded, 64% to hit)
You shoot an arrow.
The arrow hits Terence but does no damage.
Terence is severely wounded.
You die...

.. .. #. ########.##
..#.....##..#
.......@)##.#
......@...#.######.#
............†.......
....r.....#.######.#
..........#.#
........>.#.#
.........##.##
........###..#
##....# ##.#


You could see Terence and a quokka.

Vanquished Creatures
  An adder (D:2)
  A worm (D:2)
  2 ball pythons
  2 bats (D:1)
  2 endoplasms (D:2)
  2 goblins
  A hobgoblin (D:1)
  A quokka (D:2)
  A frilled lizard (D:2)
13 creatures vanquished.

Notes
Turn   | Place    | Note
-------+----------+-------------------------------------------
     0 | D:1      | safid the Minotaur Hunter began the quest for the Orb.
     0 | D:1      | Reached XP level 1. HP: 18/18 MP: 0/0
   206 | D:1      | You fall into a shaft and drop 1 floor!
   213 | D:2      | Reached XP level 2. HP: 26/26 MP: 1/1
   401 | D:2      | Found a glowing golden altar of the Shining One.
   430 | D:2      | Noticed Terence
   439 | D:2      | Succumbed to Terence's poison

Illustrated notes

Levels and vault maps discovered:
D:1:      sevenhm_arrival_forest_fort_small_4, layout_rooms, nicolae_titane
D:2:      layout_rooms, serial_shops, shop, nicolae_shop_stone, basic_altar,
          minmay_hexomino_c4, uniq_terence

Skill      XL: |  1 |
---------------+----+-----
Fighting       | 3 |  3.4
Ranged Weapons | |  4.9
Dodging        | |  2.1
Stealth        | |  0.7

Action                   || total
-------------------------++-------
 Fire: Shortbow          ||    46
Armor: Leather armour    ||     2
       Scale mail        ||     2
Dodge: Dodged            ||    13
